 Dungeon Crawl Stone Soup version 0.31-a0-441-g867994ef1c (webtiles) character file.

Game seed: 16349932359571841099

154 BigDaddyOpFi the Ruffian (level 5, -1/49 HPs)
             Began as a Troll Shapeshifter on Aug 2, 2023.
             Slain by a gnoll
             ... wielding a +0 spear
              (5 damage)
             ... on level 3 of the Dungeon.
             The game lasted 00:02:47 (1315 turns).

BigDaddyOpFi the Ruffian (Troll Shapeshifter)       Turns: 1315, Time: 00:02:47

Health: -1/49      AC:  4    Str: 22 (25) XL:     5   Next: 13%
Magic:  4/4        EV: 10    Int:  3 (4)  God:
Gold:   117        SH:  0    Dex:  8 (10) Spells: 4/4 levels left

rFire   . .          .
                       - Unarmed
rCold   . . .        (no shield)
rNeg    . . .        a - +0 animal skin
rPois   .            (helmet currently unavailable)
rElec   .            (cloak currently unavailable)
rCorr   .            (gloves unavailable)
SInv    .            (boots unavailable)
Will    .....        (no amulet)
Stlth   +            (no ring)
HPRegen 1.08/turn    (no ring)
MPRegen 0.09/turn

%: no passive effects
@: beast-form
A: beast (slay +2), large, unfitting armour, claws 3, regeneration 1, shaggy fur
1, tough skin 1
a: Begin Untransformation


You were on level 3 of the Dungeon.
You were a hulking beast.
You visited 1 branch of the dungeon, and saw 3 of its levels.

You collected 117 gold pieces.

Inventory:

Armour
 a - a +0 animal skin (worn)
Talismans
 c - a beast talisman (active)
Scrolls
 d - a scroll of vulnerability {unknown}
 g - a scroll of enchant armour
 j - a scroll of identify
 k - a scroll of noise {unknown}
 l - a scroll of immolation {unknown}
Potions
 b - 2 potions of lignification
 f - a potion of cancellation {unknown}


   Skills:
 + Level 2.1 Fighting
 + Level 2.5 Dodging
 + Level 3.9 Unarmed Combat
 + Level 3.6 Shapeshifting


You had 4 spell levels left.
You didn't know any spells.
Your spell library contained the following spells:

 Spells                   Type           Power      Damage    Failure   Level
 Kiss of Death            Conj/Necr      0%         2d5       52%         1
 Confusing Touch          Hex            0%         N/A       88%         3
 Dispel Undead            Necr           0%         3d6       99%         4


Dungeon Overview and Level Annotations

Branches:
Dungeon (3/15)

Altars:

Annotations:
D:3 Natasha


Innate Abilities, Weirdness & Mutations

You are a hulking beast.
Your limbs bulge with bestial killing power. (Slay +2)
You are too large for most types of armour.
You have claws for hands.
Your natural rate of healing is unusually fast.
You are covered in fur. (AC +1)
You have tough skin. (AC +1)


Message History

The gnoll zaps a wand.
The roots erupt in riotous growth!
The grasping roots grab you!
Natasha is unaffected.
The gnoll is unaffected.
The cerulean imp is unaffected.
The grasping roots constrict you. The gnoll closely misses you.
The cerulean imp barely misses you.
The cerulean imp hits you but does no damage.
Natasha claws you!
The gnoll hits you from afar with a +0 spear.
The gnoll barely misses you. The grasping roots constrict you.
The cerulean imp barely misses you.
It was a potion of curing.
You feel better.
You feel yourself speed up.
The cerulean imp hits you from afar with a +0 spear.
Natasha claws you.
A goblin comes into view. It is wielding a +2 dagger of speed.
The gnoll hits you but does no damage. The gnoll barely misses you.
The grasping roots constrict you.
The cerulean imp hits you with a +0 spear.
The cerulean imp hits you but does no damage.
It was a potion of degeneration.
There was something very wrong with that liquid.
You feel weakened.
You feel dopey.
You feel clumsy. Natasha claws you!
* * * LOW HITPOINT WARNING * * *
The gnoll hits you but does no damage. The grasping roots constrict you.
* * * LOW HITPOINT WARNING * * *
The gnoll hits you from afar with a +0 spear.
* * * LOW HITPOINT WARNING * * *
The cerulean imp barely misses you.
The cerulean imp hits you from afar with a +0 spear.
* * * LOW HITPOINT WARNING * * *
The grasping roots release their grip on you.
Okay, then.
Okay, then.
You feel better. Natasha claws you!
* * * LOW HITPOINT WARNING * * *
The gnoll hits you with a +0 flail.
* * * LOW HITPOINT WARNING * * *
The gnoll hits you from afar with a +0 spear.
You die...

#......#.#......#.#.#...
#......#.#.######.#.#...
#####+#........ ..#.#...
+.....#..#.#.## ###.#...
#........# ####
##.....### #.....#
#.....######
#..gh.)......
##gh)5.......
(.K5#####..... ...gSS#
.#### ...... . ...... .
.... .. ....


You could see Natasha, 2 gnolls, 2 cerulean imps, an adder, a goblin, a ball
python and a kobold.

Vanquished Creatures
  Natasha (twice) (D:3)
  Robin (D:2)
  2 gnolls (D:3)
  2 adders (D:2)
  An orc (D:3)
  2 ball pythons (D:1)
  6 endoplasms
  12 goblins
  4 hobgoblins
  2 jackals (D:2)
  3 quokkas
  5 bats
  5 frilled lizards
  4 kobolds
  6 rats
57 creatures vanquished.

Notes
Turn   | Place    | Note
-------+----------+-------------------------------------------
     0 | D:1      | BigDaddyOpFi the Troll Shapeshifter began the quest for the
                  | Orb.
     0 | D:1      | Reached XP level 1. HP: 18/18 MP: 0/0
    46 | D:1      | Reached skill level 1 in Fighting
    80 | D:1      | Reached XP level 2. HP: 27/27 MP: 1/1
   573 | D:2      | Noticed Robin
   590 | D:2      | Reached XP level 3. HP: 33/33 MP: 2/2
   597 | D:2      | Killed Robin
   759 | D:2      | Reached XP level 4. HP: 41/41 MP: 3/3
  1201 | D:3      | Noticed Natasha
  1221 | D:3      | Killed Natasha
  1295 | D:3      | Noticed Natasha
  1299 | D:3      | Killed Natasha
  1302 | D:3      | Noticed Natasha
  1307 | D:3      | Reached XP level 5. HP: 42/49 MP: 4/4
  1315 | D:3      | Slain by a gnoll

Illustrated notes

Levels and vault maps discovered:
D:1:      heliophobic_arrival_battle_scene, layout_basic
D:2:      layout_loops_ring, minmay_tetromino_i2, uniq_robin
D:3:      layout_basic, minmay_vboxes, uniq_sigmund, uniq_natasha, uniq_grinder

Skill      XL: |  1  2  3  4 |
---------------+-------------+-----
Fighting       | 1 2 |  2.1
Dodging        | 2 |  2.5
Unarmed Combat | |  3.9
Shapeshifting  | |  3.6

Action                     |  1- 3 |  4- 6 || total
---------------------------+-------+-------++-------
  Melee: Unarmed           |    81 |    26 ||   107
         Punch             |       |     2 ||     2
    Use: Potion            |     2 |     6 ||     8
         Scroll            |     2 |       ||     2
   Stab: Sleeping          |     1 |       ||     1
 Armour: Animal skin       |    26 |    22 ||    48
         Skin              |    73 |       ||    73
  Dodge: Dodged            |    48 |    25 ||    73

Table legend: (Time is in decaauts)
 A = Elapsed time spent in this place.
 B = Non-inter-level travel time spent in this place.
 C = Inter-level travel time spent in this place.
 D = Time resting spent in this place.
 E = Time spent auto-exploring this place.
 F = Levels seen in this place.
 G = Mean time per level.
                   A        B        C        D        E       F      G
               +--------+--------+--------+--------+--------+-----+--------+
         Total |   1317 |   1279 |     38 |      0 |    963 |   3 |  439.0 |
       Dungeon |   1317 |   1279 |     38 |      0 |    963 |   3 |  439.0 |
               +--------+--------+--------+--------+--------+-----+--------+

Top non-repeatable levels by time:
     D:2: 662 daAuts
     D:1: 542 daAuts
     D:3: 111 daAuts
